 Dungeon Crawl Stone Soup version 0.24-a0-630-g0d56a85 (webtiles) character file.

Game seed: 15828067043816154464, levelgen mode: deterministic

86 pichaelthompson the Charmwright (level 4, -5/38 HPs)
             Began as a Gnoll Skald on Sept 19, 2019.
             Slain by a worm (9 damage)
             ... on level 2 of the Dungeon.
             The game lasted 00:02:27 (1450 turns).

pichaelthompson the Charmwright (Gnoll Skald)       Turns: 1450, Time: 00:02:27

Health: -5/38      AC:  6    Str: 13    XL:     4   Next: 49%
Magic:  11/11      EV: 13    Int: 15    God:
Gold:   49         SH:  0    Dex: 16    Spells: 6/13 levels left

rFire    . . .     SeeInvis .   f - +3 dagger (speed)
rCold    . . .     Gourm    .   (no shield)
rNeg     . . .     Faith    .   i - +0 ring mail
rPois    .         Spirit   .   h - +0 helmet (curse)
rElec    .         Reflect  .   (no cloak)
rCorr    .         Harm     .   (no gloves)
MR       .....                  (no boots)
Stlth    +.........             (no amulet)
HPRegen  0.12/turn              (no ring)
MPRegen  0.12/turn              (no ring)

@: no status effects
A: distributed training, fangs 1, strong nose
a: no special abilities


You were on level 2 of the Dungeon.
You were not hungry.

You visited 1 branch of the dungeon, and saw 2 of its levels.

You collected 49 gold pieces.

Inventory:

Hand Weapons
 a - a +0 spear
 f - a +3 dagger of speed (weapon)
Armour
 h - a cursed +0 helmet (worn)
 i - a +0 ring mail (worn)
Scrolls
 c - a scroll of magic mapping {unknown}
 e - 3 scrolls of enchant weapon {unknown}
 j - 3 scrolls of identify {unknown}
 k - a scroll of fog {unknown}
 l - a scroll of enchant armour {unknown}
 m - a scroll of remove curse {unknown}
 n - a scroll of teleportation {unknown}
 o - a scroll of immolation {unknown}
Potions
 b - a potion of cancellation {unknown}
 g - a potion of might {unknown}
 p - a potion of resistance {unknown}
Comestibles
 d - 3 rations


   Skills:
 + Level 4.6 Fighting
 + Level 1.1 Short Blades
 + Level 1.1 Long Blades
 + Level 1.1 Axes
 + Level 1.1 Maces & Flails
 + Level 4.6 Polearms
 + Level 1.1 Staves
 + Level 1.1 Slings
 + Level 1.1 Bows
 + Level 1.1 Crossbows
 + Level 1.1 Throwing
 + Level 2.7 Armour
 + Level 4.6 Dodging
 + Level 1.1 Stealth
 + Level 1.1 Shields
 + Level 1.1 Unarmed Combat
 + Level 5.1 Spellcasting
 + Level 0.9 Conjurations
 + Level 0.9 Hexes
 + Level 5.4 Charms
 + Level 0.9 Summonings
 + Level 0.9 Necromancy
 + Level 0.9 Translocations
 + Level 0.9 Transmutations
 + Level 0.9 Fire Magic
 + Level 0.9 Ice Magic
 + Level 0.9 Air Magic
 + Level 0.9 Earth Magic
 + Level 0.9 Poison Magic
 + Level 1.2 Invocations
 + Level 1.1 Evocations


You had 6 spell levels left.
You knew the following spells:

 Your Spells              Type           Power        Failure   Level  Hunger
a - Infusion              Chrm           ###.         3%          1    None
b - Spectral Weapon       Hex/Chrm       ##......     26%         3    ###....
c - Regeneration          Chrm/Necr      ##........   26%         3    ###....

Your spell library contained the following spells:

 Spells                   Type           Power        Failure   Level  Hunger
 Song of Slaying          Chrm           ###.....     5%          2    ##.....
 Shroud of Golubria       Chrm/Tloc      ##....       14%         2    ##.....


Dungeon Overview and Level Annotations

Branches:
Dungeon (2/15)

Altars:


Innate Abilities, Weirdness & Mutations

Your experience applies equally to all skills.
You have very sharp teeth.
Your uncanny sense of smell can sniff out nearby items.


Message History

The worm is lightly wounded.
You hit the worm.
The worm is moderately wounded.
You hit the worm.
The worm is moderately wounded.
The worm bites you!
You barely miss the worm.
The worm is moderately wounded.
You hit the worm but do no damage.
The worm is moderately wounded.
The worm bites you!
* * * LOW HITPOINT WARNING * * *
You hit the worm.
The worm is heavily wounded.
You barely miss the worm. You bite the worm, but do no damage.
The worm is heavily wounded.
You hit the worm.
The worm is severely wounded.
The worm bites you!
You die...

### ##<..
........##. ∆
%......... #
#.......
#.####.....###
#............##
##............# .
.....)..†...@.# ..
.......)...#w.##...∆
#...#...............
. #####..#........
##...#.....%
##..###...# #..##
#... ##..## #..
#...# .$


You could see a worm.

Vanquished Creatures
  4 adders (D:2)
  3 dart slugs (D:1)
  2 leopard geckos (D:1)
  4 ball pythons
  7 bats
  A giant cockroach (D:1)
  3 goblins (D:1)
  4 hobgoblins
  A quokka (D:2)
  A frilled lizard (D:1)
  7 kobolds
  5 rats (D:1)
42 creatures vanquished.

Notes
Turn   | Place    | Note
-------+----------+-------------------------------------------
     0 | D:1      | pichaelthompson the Gnoll Skald began the quest for the
                  | Orb.
     0 | D:1      | Reached XP level 1. HP: 20/20 MP: 6/6
    89 | D:1      | Reached XP level 2. HP: 14/26 MP: 7/7
   495 | D:1      | Reached XP level 3. HP: 16/31 MP: 9/9
   500 | D:1      | Learned a level 3 spell: Spectral Weapon
   504 | D:1      | Learned a level 3 spell: Regeneration
   763 | D:1      | Reached skill level 5 in Spellcasting
  1093 | D:2      | Reached skill level 1 in Invocations
  1126 | D:2      | Reached skill level 1 in Short Blades
  1126 | D:2      | Reached skill level 1 in Long Blades
  1126 | D:2      | Reached skill level 1 in Axes
  1126 | D:2      | Reached skill level 1 in Maces & Flails
  1126 | D:2      | Reached skill level 1 in Staves
  1126 | D:2      | Reached skill level 1 in Slings
  1126 | D:2      | Reached skill level 1 in Bows
  1126 | D:2      | Reached skill level 1 in Crossbows
  1126 | D:2      | Reached skill level 1 in Throwing
  1126 | D:2      | Reached skill level 1 in Stealth
  1126 | D:2      | Reached skill level 1 in Shields
  1126 | D:2      | Reached skill level 1 in Unarmed Combat
  1126 | D:2      | Reached skill level 1 in Evocations
  1180 | D:2      | Reached XP level 4. HP: 38/38 MP: 11/11
  1450 | D:2      | Slain by a worm

Levels and vault maps discovered:
D:1:      ncdulo_smallfort, layout_basic, minmay_indecisive_spiral
D:2:      layout_rooms, first_ration, minmay_shallow_snake_nest

Skill      XL: |  1  2  3 |
---------------+----------+-----
Spellcasting   | 5 |  5.1
Invocations    | 1 |  1.2
Short Blades   | 1 |  1.1
Long Blades    | 1 |  1.1
Axes           | 1 |  1.1
Maces & Flails | 1 |  1.1
Staves         | 1 |  1.1
Slings         | 1 |  1.1
Bows           | 1 |  1.1
Crossbows      | 1 |  1.1
Throwing       | 1 |  1.1
Stealth        | 1 |  1.1
Shields        | 1 |  1.1
Unarmed Combat | 1 |  1.1
Evocations     | 1 |  1.1
Fighting       | |  4.6
Polearms       | |  4.6
Armour         | |  2.7
Dodging        | |  4.6
Conjurations   | |  0.9
Hexes          | |  0.9
Charms         | |  5.4
Summonings     | |  0.9
Necromancy     | |  0.9
Translocations | |  0.9
Transmutations | |  0.9
Fire Magic     | |  0.9
Ice Magic      | |  0.9
Air Magic      | |  0.9
Earth Magic    | |  0.9
Poison Magic   | |  0.9

Action                   |  1- 3 |  4- 6 || total
-------------------------+-------+-------++-------
Melee: Dagger            |   108 |    65 ||   173
       Spear             |     4 |       ||     4
       Bite              |     5 |     8 ||    13
       Punch             |       |     1 ||     1
 Cast: Spectral Weapon   |       |     1 ||     1
 Stab: Distracted        |       |     1 ||     1
  Eat: Chunk             |     1 |     1 ||     2
Armor: Leather armour    |     7 |       ||     7
       Ring mail         |    22 |    41 ||    63
Dodge: Dodged            |    82 |    57 ||   139

Table legend:
 A = Non-vault XP
 B = Vault XP
 C = Vault XP percentage of total XP
 D = Non-vault monster count
 E = Vault monster count
 F = Vault count percentage of total count
                 A         B        C        D         E       F
            +---------+---------+-------+---------+---------+-------
      Total |      95 |      28 |  22.8 |      34 |       8 |  19.0
            +---------+---------+-------+---------+---------+-------
        D:1 |      40 |       8 |  16.7 |      22 |       4 |  15.4
        D:2 |      55 |      20 |  26.7 |      12 |       4 |  25.0
            +---------+---------+-------+---------+---------+-------
